 Dungeon Crawl Stone Soup version 0.29-a0-418-gc0181ea820 (console) character file.

Game seed: 4659144307812204202

539 jejorda2 the Poker (level 7, 0/56 HPs)
             Began as a Merfolk Fighter on May 17, 2022.
             Slain by an elf zombie (5 damage)
             ... in an ossuary.
             The game lasted 00:09:02 (3564 turns).

jejorda2 the Poker (Merfolk Fighter)                Turns: 3564, Time: 00:09:03

Health: 0/56       AC: 12    Str: 18    XL:     7   Next: 26%
Magic:  7/7        EV:  6    Int:  7    God:
Gold:   129        SH:  5    Dex: 14    Spells: 6/6 levels left

rFire   . . .      SeeInvis .   a - +1 trident (drain)
rCold   + . .      Faith    .   c - +0 buckler
rNeg    . . .      Spirit   .   s - +0 chain mail
rPois   .          Reflect  .   (no helmet)
rElec   .          Harm     .   j - +2 cloak
rCorr   .          Rampage  .   (no gloves)
Will    +....                   (no boots)
Stlth   ..........              (no amulet)
HPRegen 0.18/turn               m - ring of protection from cold
MPRegen 0.10/turn               q - ring of willpower

@: mighty
A: (nimble swimmer 2), mertail
a: no special abilities


You were in an ossuary.
You visited 1 branch of the dungeon, and saw 4 of its levels.
You also visited: Ossuary.

You collected 129 gold pieces.

Inventory:

Hand Weapons
 a - a +1 trident of draining (weapon)
Missiles
 f - 3 stones
 k - 3 poisoned darts (quivered)
Armour
 b - a +0 scale mail
 c - a +0 buckler (worn)
 j - a +2 cloak (worn)
 s - a +0 chain mail (worn)
Jewellery
 m - a ring of protection from cold (left hand)
 q - a ring of willpower (right hand)
Scrolls
 l - a scroll of brand weapon
Potions
 d - a potion of might
 g - a potion of flight {unknown}
 h - a potion of brilliance {unknown}
 r - a potion of attraction {unknown}
 u - a potion of haste {unknown}
 v - a potion of curing


   Skills:
 + Level 5.1 Fighting
 * Level 7.4 Polearms
 + Level 3.5 Armour
 - Level 3.0 Shields


You had 6 spell levels left.
You didn't know any spells.
Your spell library contained the following spells:

 Spells                   Type           Power      Damage    Failure   Level
 Slow                     Hex            0%         N/A       100%        1
 Static Discharge         Conj/Air       0%         N/A       100%        2
 Dispel Undead            Necr           0%         3d6       100%        4
 Sticky Flame             Conj/Fire      0%         2d3       100%        4


Dungeon Overview and Level Annotations

Branches:
Dungeon (4/15)            Ossuary (1/1)
 Temple: D:4-7

Altars:
Dithmenos
Trog


Innate Abilities, Weirdness & Mutations

((You are very nimble when in or above water. (Stealth+, EV+, Speed+++)))
Your lower body shifts to a powerful aquatic tail in water.


Message History

The elf zombie is lightly damaged.
The rat zombie bites you but does no damage.
The elf zombie hits you but does no damage.
You closely miss the elf zombie.
The elf zombie is lightly damaged.
The rat zombie bites you but does no damage.
The elf zombie hits you.
* * * LOW HITPOINT WARNING * * *
You hit the elf zombie.
The elf zombie is moderately damaged.
The rat zombie bites you but does no damage.
You impale the elf zombie!!
The elf zombie is heavily damaged.
You block the elf zombie's attack.
You puncture the elf zombie!
The elf zombie is severely damaged.
The rat zombie bites you.
* * * LOW HITPOINT WARNING * * *
The elf zombie hits you but does no damage.
You puncture the elf zombie!
The elf zombie is almost destroyed.
The rat zombie bites you but does no damage.
The elf zombie hits you.
* * * LOW HITPOINT WARNING * * *
You closely miss the elf zombie.
The elf zombie is almost destroyed.
The rat zombie bites you but does no damage.
The elf zombie completely misses you.
You hit the elf zombie.
The elf zombie is almost destroyed.
The rat zombie bites you.
* * * LOW HITPOINT WARNING * * *
You closely miss the elf zombie.
The elf zombie is almost destroyed.
The elf zombie hits you.
* * * LOW HITPOINT WARNING * * *
You hit the elf zombie.
The elf zombie is almost destroyed.
The rat zombie barely misses you. The elf zombie hits you.
You die...

#...##############...#
#...# ...# #...# #...#
#...# #...# #...#
....+####...# #...#
#.∩.....#...# #...#
#.......#...# #...#
#.......#...#
#...#Z####.......#...#
#...#ZZZ@Z.......#...#
#...#.####.^####.#...#
#...# #.^# #...# #...#
#..# #...#
#...######^.######...#
#....................#
#........8..8........#
#....................#
#....................#


You could see a rat zombie, a hobgoblin zombie, a kobold zombie, an orc zombie
and an elf zombie.

Vanquished Creatures
  A necrophage (D:4)
  2 elf zombies (Ossuary)
  A bullfrog (D:3)
  A hound (D:4)
  A jelly (D:4)
  Jessica (D:2)
  2 mummies (Ossuary)
  4 adders
  A white imp (D:3)
  An ufetubus (D:4)
  A worm (D:4)
  2 adder zombies (Ossuary)
  3 dart slugs
  5 orcs
  9 endoplasms
  5 giant cockroaches
  6 goblins
  4 hobgoblins
  3 jackals (D:1)
  7 quokkas
  9 ball pythons
  4 bats
  3 frilled lizards
  6 hobgoblin zombies (Ossuary)
  A jackal zombie (Ossuary)
  10 kobolds
  7 kobold zombies (Ossuary)
  9 orc zombies (Ossuary)
  A rat (D:2)
  3 rat zombies (Ossuary)
113 creatures vanquished.

Notes
Turn   | Place    | Note
-------+----------+-------------------------------------------
     0 | D:1      | jejorda2 the Merfolk Fighter began the quest for the Orb.
     0 | D:1      | Reached XP level 1. HP: 18/18 MP: 1/1
   386 | D:1      | Reached skill level 3 in Polearms
   417 | D:1      | Reached XP level 2. HP: 24/24 MP: 2/2
   880 | D:1      | Reached XP level 3. HP: 29/29 MP: 3/3
  1041 | D:1      | Found a faded altar of an unknown god.
  1225 | D:2      | Reached skill level 4 in Polearms
  1367 | D:2      | Noticed Jessica
  1373 | D:2      | Killed Jessica
  1374 | D:2      | Reached XP level 4. HP: 37/37 MP: 4/4
  1410 | D:2      | Got Jessica's Almanac of Enchantment
  2256 | D:3      | Reached skill level 5 in Polearms
  2446 | D:3      | Found a bloodstained altar of Trog.
  2455 | D:3      | Noticed a bullfrog
  2469 | D:3      | Killed a bullfrog
  2470 | D:3      | Reached XP level 5. HP: 38/43 MP: 5/5
  2925 | D:4      | Found a shadowy altar of Dithmenos.
  2962 | D:4      | Reached skill level 6 in Polearms
  2962 | D:4      | Reached XP level 6. HP: 38/49 MP: 6/6
  3375 | D:4      | Found a sand-covered staircase.
  3384 | Ossuary  | Entered an ossuary
  3524 | Ossuary  | Reached skill level 5 in Fighting
  3524 | Ossuary  | Reached skill level 7 in Polearms
  3524 | Ossuary  | Reached XP level 7. HP: 37/56 MP: 7/7
  3564 | Ossuary  | Slain by an elf zombie

Illustrated notes

Levels and vault maps discovered:
D:1:      kilobyte_arrival_exit_the_forest, layout_basic,
          dilly_ecumenical_altar_fadedgnrine
D:2:      layout_basic, kennysheep_jessica_study
D:3:      layout_rooms, mainiacjoe_overflow_brackets, minmay_pentomino_pile,
          uniq_jessica
D:4:      minmay_octagon_keep, layout_basic, nicolae_dithmenos_shadow_blocks,
          nicolae_ossuary_entry_ruins, minmay_bisected, uniq_pikel
Ossuary:  ossuary_tomb_1

Skill      XL: |  1  2  3  4  5  6 |
---------------+-------------------+-----
Polearms       | 3 4 5 6 7 |  7.4
Fighting       | 4 5 |  5.1
Armour         | 3 |  3.5
Shields        | |  3.0

Action                   |  1- 3 |  4- 6 |  7- 9 || total
-------------------------+-------+-------+-------++-------
Melee: Trident           |    88 |   295 |    40 ||   423
  Use: Scroll            |       |     9 |       ||     9
       Potion            |       |     1 |     1 ||     2
Armor: Scale mail        |    25 |    26 |       ||    51
       Chain mail        |       |   117 |    25 ||   142
Dodge: Dodged            |    17 |    71 |     6 ||    94
Block: Buckler           |    14 |    42 |    11 ||    67

Table legend: (Time is in decaauts)
 A = Elapsed time spent in this place.
 B = Non-inter-level travel time spent in this place.
 C = Inter-level travel time spent in this place.
 D = Time resting spent in this place.
 E = Time spent auto-exploring this place.
 F = Levels seen in this place.
 G = Mean time per level.
                   A        B        C        D        E       F      G
               +--------+--------+--------+--------+--------+-----+--------+
         Total |   3583 |   3463 |    120 |      0 |   2372 |   5 |  716.6 |
       Dungeon |   3404 |   3284 |    120 |      0 |   2357 |   4 |  851.0 |
       Ossuary |    178 |    178 |      0 |      0 |     15 |   1 |  178.0 |
               +--------+--------+--------+--------+--------+-----+--------+

Top non-repeatable levels by time:
     D:1: 1172 daAuts
     D:2: 996 daAuts
     D:3: 762 daAuts
     D:4: 473 daAuts
 Ossuary: 178 daAuts
